 Dungeon Crawl Stone Soup version 0.23-a0-494-g91793a9 (webtiles) character file.

160356 Amnesiac the Unseen (level 17, -1/80 HPs)
             Began as a Spriggan Enchanter on Dec 3, 2018.
             Was the Champion of Dithmenos.
             Slain by a shambling mangrove (17 damage)
             ... on level 1 of the Swamp.
             The game lasted 01:16:51 (29923 turns).

Amnesiac the Unseen (Spriggan Enchanter)           Turns: 29923, Time: 01:16:51

Health: -1/80      AC: 12    Str:  3    XL:     17   Next: 18%
Magic:  3/42       EV: 35    Int: 27    God:    Dithmenos [******]
Gold:   1562       SH: 15    Dex: 25    Spells: 5/37 levels left

rFire    . . .     SeeInvis +   a - +3 dagger (drain)
rCold    + . .     Gourm    .   U - +1 buckler of Vehumet {Regen+}
rNeg     + . .     Faith    .   W - +1 robe {rC+}
rPois    +         Spirit   .   c - +3 hat of Pondering {ponderous, MR+ MP+10 Int+5}
rElec    .         Reflect  +   F - +2 ratskin cloak {+Rats rPois rN+ Str-1 Int-1 Dex+1}
rCorr    .         Harm     .   (gloves unavailable)
MR       +++..                  (boots unavailable)
Stlth    ++++++++++             Y - +5 amulet of reflection
HPRegen  0.63/turn              I - ring of Pride {+Fly Int+2 Dex+3}
MPRegen  0.28/turn              O - +6 ring of evasion

@: confusing touch, grasped by roots, very slightly contaminated, wreathed by
umbra, constricted, deflect missiles, very quick
A: very small, unfitting armour, hooves 1, icy blue scales 2, thin skeletal
structure 1, see invisible, herbivore, speed 3, frail 1, slow metabolism 2, wild
magic 1
a: Shadow Step, Shadow Form, Renounce Religion, Evoke Ratskin, Evoke Flight


You were on level 1 of the Swamp.
You worshipped Dithmenos.
Dithmenos was exalted by your worship.
You were full.

You visited 4 branches of the dungeon, and saw 25 of its levels.
You also visited: Bailey, Ice Cave and Volcano.

You collected 2287 gold pieces.
You spent 725 gold pieces at shops.

Inventory:

Hand Weapons
 a - a +3 dagger of draining (weapon)
 b - a +0 blowgun
 e - a +5 dagger
Missiles
 d - 22 curare-tipped needles
 J - 8 needles of paralysis
 R - 8 needles of confusion
Armour
 c - the +3 hat of Pondering (worn) {ponderous, MR+ MP+10 Int+5}
   (You took it off Gastronok on level 11 of the Dungeon)

   It affects your intelligence (+5).
   It affects your resistance to hostile enchantments.
   It affects your magic capacity (+10).
 F - the +2 ratskin cloak (worn) {+Rats rPois rN+ Str-1 Int-1 Dex+1}
   (You found it on level 8 of the Dungeon)

   It affects your strength (-1).
   It affects your intelligence (-1).
   It affects your dexterity (+1).
   It protects you from poison.
   It protects you from negative energy.
 P - a +2 robe of fire resistance
 U - the +1 buckler of Vehumet (worn) {Regen+}
   (You found it on level 2 of the Lair of Beasts)

   It increases your rate of regeneration.
 W - a +1 robe of cold resistance (worn)
Jewellery
 j - an uncursed ring of resist corrosion
 x - the ring of the Tuna {rF+ rN+ Str+3}
   (You found it on level 11 of the Dungeon)

   [ring of positive energy]

   It affects your strength (+3).
   It protects you from fire.
   It protects you from negative energy.
 I - the ring of Pride (left hand) {+Fly Int+2 Dex+3}
   (You found it in a bailey)

   [ring of flight]

   It affects your intelligence (+2).
   It affects your dexterity (+3).
   It lets you fly.
 O - a +6 ring of evasion (right hand)
 Y - a +5 amulet of reflection (around neck)
Wands
 i - a wand of clouds (3)
 s - a wand of acid (6)
 t - a wand of disintegration (39)
 v - a wand of iceblast (41)
 D - a wand of scattershot (4)
 E - a wand of paralysis (31)
Scrolls
 g - 5 scrolls of fear {!r}
 m - 5 scrolls of enchant armour {!r}
 p - 5 scrolls of magic mapping {!r}
 q - 4 scrolls of enchant weapon {!r}
 u - 3 scrolls of amnesia {!r}
 w - 12 scrolls of teleportation {!r}
 H - a scroll of brand weapon {!r}
 L - 6 scrolls of vulnerability {!r}
 M - 4 scrolls of fog {!r}
 S - 9 scrolls of identify {!r}
 V - 5 scrolls of remove curse {!r}
Potions
 f - 6 potions of flight {!q}
 h - 3 potions of haste {!q}
 l - 11 potions of curing {!q}
 o - 2 potions of resistance {!q}
 r - a potion of mutation {!q}
 z - 2 potions of lignification {!q}
 B - a potion of might {!q}
 G - 4 potions of berserk rage {!q}
 K - 3 potions of brilliance {!q}
 Q - 2 potions of magic {!q}
 X - a potion of cancellation {!q}
Miscellaneous
 n - a sack of spiders
Comestibles
 A - 27 rations


   Skills:
 - Level 10.0 Fighting
 - Level 8.0 Short Blades
 - Level 12.0 Dodging
 - Level 16.0 Stealth
 - Level 7.2 Shields
 + Level 10.5 Spellcasting
 - Level 4.0 Conjurations
 * Level 13.3 Hexes
 - Level 10.0 Charms
 - Level 5.0 Air Magic
 - Level 12.0 Invocations
 - Level 9.0 Evocations


You had 5 spell levels left.
You knew the following spells:

 Your Spells              Type           Power        Failure   Level  Hunger
a - Ensorcelled Hibernat  Hex/Ice        ######       1%          2    None
b - Corona                Hex            #######      1%          1    None
c - Spectral Weapon       Hex/Chrm       #######.     1%          3    None
d - Dazzling Spray        Conj/Hex       ######       1%          3    None
e - Confuse               Hex            #######.     1%          3    None
f - Deflect Missiles      Chrm/Air       ######....   36%         6    #####..
g - Apportation           Tloc           ###...       7%          1    None
h - Mephitic Cloud        Conj/Pois/Air  #####...     6%          3    None
r - Regeneration          Chrm/Necr      ######....   3%          3    None
s - Conjure Flame         Conj/Fire      ####....     9%          3    None
w - Tukima's Dance        Hex            #######.     1%          3    None
z - Confusing Touch       Hex            ######       1%          1    None

Your spell library contained the following spells:

 Spells                   Type           Power        Failure   Level  Hunger
 Infusion                 Chrm           ####         1%          1    None
 Magic Dart               Conj           ####         1%          1    None
 Shock                    Conj/Air       ####         1%          1    None
 Shroud of Golubria       Chrm/Tloc      ######....   1%          2    None
 Slow                     Hex            #######.     1%          2    None
 Song of Slaying          Chrm           ######..     1%          2    None
 Swiftness                Chrm/Air       ######..     1%          2    None
 Inner Flame              Hex/Fire       ######..     1%          3    None
 Cause Fear               Hex            #######...   1%          4    None
 Flame Tongue             Conj/Fire      ####.        3%          1    None
 Ozocubu's Armour         Chrm/Ice       ######..     3%          3    None
 Static Discharge         Conj/Air       ######..     3%          3    None
 Throw Flame              Conj/Fire      ####..       4%          2    None
 Throw Frost              Conj/Ice       ####..       4%          2    None
 Leda's Liquefaction      Hex/Erth       ######....   4%          4    None
 Silence                  Hex/Air        ######....   4%          5    ###....
 Animate Skeleton         Necr           N/A          7%          1    None
 Beastly Appendage        Tmut           ###...       7%          1    None
 Freeze                   Ice            ###.         7%          1    None
 Pain                     Necr           ###.         7%          1    None
 Summon Butterflies       Summ           ###.....     7%          1    None
 Summon Small Mammal      Summ           ###.         7%          1    None
 Airstrike                Air            ######....   9%          4    None
 Blink                    Tloc           N/A          10%         2    None
 Call Imp                 Summ           ###.....     10%         2    None
 Sticks to Snakes         Tmut           ###.....     10%         2    None
 Metabolic Englaciation   Hex/Ice        ######....   12%         5    ###....
 Summon Mana Viper        Hex/Summ       ######..     12%         5    ###....
 Yara's Violent Unravell  Hex/Tmut       ######....   12%         5    ###....
 Call Canine Familiar     Summ           ###.....     17%         3    None
 Spider Form              Tmut/Pois      ###.......   17%         3    None
 Vampiric Draining        Necr           ###.......   17%         3    None
 Summon Lightning Spire   Summ/Air       #####...     21%         4    None
 Sticky Flame             Conj/Fire      ####....     26%         4    None
 Throw Icicle             Conj/Ice       ####....     26%         4    None
 Lightning Bolt           Conj/Air       ######....   26%         5    ###....
 Animate Dead             Necr           N/A          47%         4    None
 Ice Form                 Ice/Tmut       ###.....     47%         4    None
 Summon Ice Beast         Ice/Summ       ###.....     47%         4    None
 Fireball                 Conj/Fire      ####......   54%         5    ###....
 Bolt of Magma            Conj/Fire/Erth ####......   63%         5    ###....
 Blade Hands              Tmut           ###.......   82%         5    ###....
 Conjure Ball Lightning   Conj/Air       ######....   77%         6    #####..
 Discord                  Hex            #######...   82%         8    #######
 Freezing Cloud           Conj/Ice/Air   #####.....   92%         6    #####..
 Bolt of Cold             Conj/Ice       ####......   97%         6    #####..
 Iron Shot                Conj/Erth      ####......   97%         6    #####..
 Poison Arrow             Conj/Pois      ####......   97%         6    #####..
 Ozocubu's Refrigeration  Ice            ###.......   100%        6    #####..
 Simulacrum               Ice/Necr       ###.......   100%        6    #####..
 Statue Form              Tmut/Erth      ###......    100%        6    #####..
 Summon Hydra             Summ           ###.......   100%        7    ######.
 Chain Lightning          Conj/Air       ######....   100%        8    #######
 Lehudib's Crystal Spear  Conj/Erth      ####......   100%        8    #######
 Fire Storm               Conj/Fire      ####......   100%        9    #######
 Glaciate                 Conj/Ice       ####......   100%        9    #######
 Shatter                  Erth           ###.......   100%        9    #######
 Tornado                  Air            ######....   100%        9    #######


Dungeon Overview and Level Annotations

Branches:
Dungeon (15/15)            Temple (0/1) D:4            Lair (6/6) D:11
  Swamp (2/4) Lair:4        Snake (0/4) Lair:4        Slime (0/5) Lair:6
    Orc (2/2) D:9             Elf (0/3) Orc:2        Vaults (0/5) D:13
 Depths (0/5) D:15

Altars:
Ashenzari
Dithmenos
Elyvilon
Gozag
Makhleb
Nemelex Xobeh
Ru
Vehumet
Yredelemnul
Jiyva

Shops:
D:8 !   D:15 [   Orc:2 (:[*

Annotations:
Swamp:2 Jorgrun


Innate Abilities, Weirdness & Mutations

You are very small and have problems with some larger weapons.
You are too small for most types of armour.
You have supernaturally acute eyesight. (SInv)
You are a herbivore.
You cover ground extremely quickly.
You need to consume almost no food.
You have large cloven feet.
You are mostly covered in icy blue scales. (AC +3)
You have a somewhat thin skeletal structure. (Dex +2, Stealth)
You are frail. (-10% HP)
Your spells are a little harder to cast, but a little more powerful.


Message History

* * * LOW HITPOINT WARNING * * *
The grasping roots constrict you!
The grasping roots release their grip on you.
Really quaff
k - a potion of heal wounds {!q}?
You feel much better.
The shambling mangrove seems less confused.
The hornet completely misses you.
The shambling mangrove barely misses you.
Casting: Confusing Touch (safe; 1% risk of failure)
Confirm with . or Enter, or press ? or * to list all spells.
Aiming: Dazzling Spray (safe; 1% risk of failure)
Press: ? - help, Shift-Dir - straight line, f/p - shambling mangrove
Aim: a shambling mangrove (black smoke, severely damaged, umbra)
The spray of energy hits the shambling mangrove.
The shambling mangrove is severely damaged.
The spray of energy hits the hornet.
The hornet is lightly wounded.
The hornet is dazzled.
The spray of energy hits the hornet.
The hornet is lightly wounded.
The hornet is dazzled.
The hornet misses you. The hornet barely misses you.
Unknown command.
You strike the helpless hornet from behind!
You perforate the hornet like a sieve!!!
You kill the hornet!
Dithmenos accepts your kill.
The shambling mangrove closely misses you.
Casting: Dazzling Spray (safe; 1% risk of failure)
Confirm with . or Enter, or press ? or * to list all spells.
Your hands begin to glow red.
The shambling mangrove hits you.
* * * LOW HITPOINT WARNING * * *
You emit a cloud of dark smoke.
The hornet buzzes angrily.
You hit the shambling mangrove but do no damage.
The shambling mangrove is severely damaged.
The hornet is no longer blind.
You hit the shambling mangrove but do no damage.
The shambling mangrove is severely damaged.
Roots burst forth from the earth!
The grasping roots grab you!
* * * LOW HITPOINT WARNING * * *
The grasping roots constrict you!
You hit the shambling mangrove but do no damage.
The shambling mangrove is severely damaged.
You hit the shambling mangrove but do no damage.
The shambling mangrove is severely damaged.
The hornet completely misses you.
The shambling mangrove completely misses you.
* * * LOW HITPOINT WARNING * * *
The grasping roots constrict you!
Really read
N - 2 scrolls of blinking {!r}?
Blink to where?
Press: ? - help, Dir - move target cursor, p - shambling mangrove The roots' grasp on you weakens, but your attempt to escape fails.
As you read the scroll of blinking {!r}, it crumbles to dust.
The hornet closely misses you.
Really read
N - a scroll of blinking {!r}?
Blink to where?
Press: ? - help, Dir - move target cursor You escape the roots' grasp.
You are very lightly contaminated with residual magic.
As you read the scroll of blinking {!r}, it crumbles to dust.
Roots burst forth from the earth!
The grasping roots grab you!
You die...

.......≈.≈.≈♣♣♣♣♣ ♣.≈≈≈§§§§§≈..≈
≈..^.....≈♣♣♣ ♣≈≈≈≈≈§§§≈≈.≈≈
≈..≈≈....≈≈♣ ♣≈≈≈≈§§.§§≈.≈≈
≈≈.≈≈≈≈≈≈..♣♣♣♣ ♣.≈≈f§§§§§≈≈≈.
≈≈≈.≈≈≈≈≈≈.♣♣≈♣♣♣ ♣♣.≈≈y§§§§§≈.≈≈
...≈≈≈≈≈≈.......♣♣♣≈..≈§≈§§≈≈≈.≈≈
..≈≈≈≈≈≈≈≈...≈≈≈.≈....≈≈≈≈§≈≈.≈≈≈
..≈≈≈≈≈≈≈≈≈..≈≈≈..≈.....≈≈...≈≈..
..≈≈≈≈≈≈≈≈≈≈.≈≈≈@.......≈≈≈≈≈≈≈≈.
.≈≈≈≈..≈....≈≈≈.♣♣♣♣♣≈≈..≈≈≈≈≈.≈≈
.≈≈≈.♣≈≈≈≈≈....≈♣ ♣♣≈≈≈≈≈≈≈≈.≈≈
.≈≈...≈♣♣♣♣...♣♣♣ ♣♣≈≈≈.......
.≈≈≈...≈♣♣♣...♣♣ ♣♣≈≈.÷.≈≈≈≈
≈≈≈≈.≈>..♣♣≈≈..♣ ♣♣♣...≈≈≈≈
≈≈≈÷.≈...♣≈≈≈≈.♣ ♣♣♣.≈≈≈≈
≈≈...♣♣♣♣...♣♣♣♣ ♣♣♣♣♣♣≈...≈≈
≈≈≈.♣♣♣♣♣.≈.♣ ♣......≈..≈≈


You could see a shambling mangrove and a hornet.

Vanquished Creatures
  Frances (Swamp:2)
  Gastronok (D:11)
  Kirke (Swamp:1)
  A fire giant (D:15)
  An orc warlord (Orc:2)
  A stone giant (Volcano)
  Nessos (D:12)
  Azrael (Orc:2)
  2 fire dragons
  Josephine (D:13)
  The ghost of Nr616 the Brawler, a journeyman TrMo (Lair:2)
  Fannar (D:12)
  Erolcha (D:11)
  3 vault guards (D:13)
  8 hydras
  A rakshasa (D:15)
  2 centaur warriors
  4 alligators (Swamp:1)
  9 two-headed ogres
  Erica (D:11)
  The ghost of Jujoamir the Cleaver, a novice MiFi of Trog (Lair:1)
  3 death yaks (Lair:5)
  3 orc high priests (Orc:2)
  A tengu warrior (D:13)
  A spriggan (Swamp:2)
  Sonja (D:11)
  Nergalle (D:10)
  2 unseen horrors
  A swamp dragon (Swamp:2)
  5 lindwurms
  A necromancer (IceCv)
  6 orc knights
  Pikel (D:8)
  A deep elf mage (D:15)
  5 orc sorcerers
  18 ugly things
  2 oklob plants
  2 cyclopes
  An ice statue (IceCv)
  4 molten gargoyles
  5 black mambas
  13 spiny frogs
  A torpor snail (D:13)
  3 gargoyles
  Psyche (D:8)
  10 freezing wraiths (IceCv)
  9 komodo dragons
  2 efreet
  5 kobold demonologists
  2 tengu conjurers
  9 trolls
  4 hornets
  4 tyrant leeches
  A polar bear (Lair:3)
  A wolf spider simulacrum (IceCv)
  2 bog bodies (Swamp:1)
  13 slime creatures
  10 hippogriffs
  12 blink frogs
  11 dream sheep (Lair:5)
  2 shadows
  A tarantella (shapeshifter) (D:14)
  4 wraiths
  8 wyverns
  4 humans
  3 hungry ghosts
  52 yaks
  6 fire elementals
  Eustachio (D:6)
  A yak (shapeshifter) (D:14)
  3 hogs (Swamp:1)
  Grum (D:10)
  4 vampire mosquitoes
  2 steam dragons (Lair:6)
  7 basilisks
  Menkaure (D:7)
  A soldier ant (D:12)
  4 nagas (Lair:4)
  A warg (D:9)
  11 swamp worms
  An acid dragon (D:14)
  14 water moccasins
  9 hell hounds
  3 black bears
  19 porcupines
  A swamp drake (Swamp:1)
  9 ice beasts
  36 orc warriors
  5 sky beasts
  3 slaves (D:7)
  An alligator simulacrum (IceCv)
  3 eyes of draining
  10 ogres
  A hornet zombie (D:14)
  9 wolves
  2 phantoms
  13 centaurs
  14 crocodiles
  Blork the orc (D:5)
  19 bullfrogs
  4 big kobolds
  2 earth elementals (Volcano)
  2 wyvern zombies
  A gnoll sergeant (D:10)
  2 wyvern skeletons (D:7)
  3 scorpions
  5 killer bees (D:13)
  An elephant simulacrum (IceCv)
  11 wights
  2 howler monkeys (D:7)
  2 electric eels
  A bullfrog zombie (D:11)
  6 centaur zombies
  12 crimson imps
  6 jellies
  6 lava snakes
  5 draconian simulacra (IceCv)
  11 hounds
  17 orc priests
  4 bullfrog skeletons
  5 centaur skeletons
  29 orc wizards
  Terence (D:3)
  2 iguanas
  A hell rat (D:8)
  2 troll simulacra (IceCv)
  8 worker ants
  A spriggan simulacrum (IceCv)
  A wolf simulacrum (IceCv)
  6 centaur simulacra (IceCv)
  2 hound zombies (D:11)
  2 hound skeletons
  A howler monkey zombie (D:6)
  A worker ant zombie (D:8)
  3 gnolls (D:10)
  17 adders
  4 naga simulacra (IceCv)
  2 ogre simulacra (IceCv)
  6 river rats (D:8)
  4 shadow imps
  12 white imps (IceCv)
  3 adder skeletons
  7 worms
  2 dart slugs (D:2)
  4 leopard geckos
  96 orcs
  A ball python (D:2)
  2 giant cockroaches (D:2)
  10 goblins
  7 hobgoblins
  11 jackals
  12 kobolds
  4 quokkas
  5 bats
  8 frilled lizards
  2 gnoll zombies (D:6)
  A jackal skeleton (D:5)
  A quokka zombie (D:9)
  22 rats
921 creatures vanquished.

Vanquished Creatures (others)
  A vault guard (D:13)
  A dancing weapon (D:13)
  A tyrant leech (Swamp:2)
  An iguana (D:6)
  3 fungi (D:11)
  5 plants
12 creatures vanquished.

Grand Total: 933 creatures vanquished

Notes
Turn   | Place    | Note
-------+----------+-------------------------------------------
     0 | D:1      | Amnesiac the Spriggan Enchanter began the quest for the
                  | Orb.
     0 | D:1      | Reached XP level 1. HP: 9/9 MP: 5/5
   263 | D:1      | Reached XP level 2. HP: 11/13 MP: 2/6
   267 | D:1      | Learned a level 2 spell: Ensorcelled Hibernation
   346 | D:2      | Reached skill level 5 in Stealth
   449 | D:3      | Found a radiant altar of Vehumet.
   451 | D:3      | Found a sparkling altar of Nemelex Xobeh.
   456 | D:3      | Found a white marble altar of Elyvilon.
   490 | D:3      | Reached XP level 3. HP: 9/16 MP: 1/8
   498 | D:4      | Learned a level 3 spell: Confuse
   769 | D:4      | Got a fine brass ring
   808 | D:4      | Noticed a scorpion
   809 | D:4      | Identified the ring "Ilonemo" {Fire +Fly rN+ MP-9 Dex+2}
                  | (You found it on level 4 of the Dungeon)
   912 | D:5      | Entered Level 5 of the Dungeon
  1138 | D:6      | Noticed an orc warrior
  1148 | D:6      | Found a shadowy altar of Dithmenos.
  1153 | D:6      | Became a worshipper of Dithmenos the Shadowed
  1155 | D:6      | Reached skill level 6 in Stealth
  1155 | D:6      | Reached XP level 4. HP: 20/21 MP: 0/9
  1289 | D:4      | Reached XP level 5. HP: 18/24 MP: 0/10
  1744 | D:1      | Reached skill level 7 in Stealth
  1793 | D:1      | Learned a level 3 spell: Tukima's Dance
  2194 | D:2      | Reached * piety under Dithmenos
  2824 | D:3      | Noticed a sky beast
  2880 | D:2      | Killed a sky beast
  2880 | D:2      | Reached skill level 5 in Dodging
  2880 | D:2      | Reached XP level 6. HP: 18/28 MP: 0/12
  2980 | D:3      | Found a faded altar of an unknown god.
  3063 | D:3      | Noticed Terence
  3070 | D:3      | Killed Terence
  3107 | D:3      | Reached skill level 8 in Stealth
  3280 | D:3      | Reached ** piety under Dithmenos
  3981 | D:4      | Found a shattered altar of Ashenzari.
  4308 | D:4      | Found a staircase to the Ecumenical Temple.
  4867 | D:5      | Noticed Blork the orc
  4887 | D:5      | Killed Blork the orc
  4887 | D:5      | Reached XP level 7. HP: 32/32 MP: 2/14
  5131 | D:5      | Reached skill level 5 in Spellcasting
  5169 | D:5      | Learned a level 3 spell: Dazzling Spray
  5535 | D:5      | Found a burning altar of Makhleb.
  5876 | D:6      | Found an opulent altar of Gozag.
  5915 | D:7      | Noticed a hippogriff
  5925 | D:7      | Killed a hippogriff
  5925 | D:7      | Reached XP level 8. HP: 8/36 MP: 1/19
  6294 | D:7      | Noticed Pikel
  6753 | D:6      | Reached *** piety under Dithmenos
  7113 | D:5      | Reached skill level 5 in Short Blades
  7357 | D:6      | Noticed Eustachio
  7362 | D:5      | Reached XP level 9. HP: 33/39 MP: 1/22
  7486 | D:6      | Killed Eustachio
  7579 | D:6      | Reached skill level 5 in Hexes
  7799 | D:6      | Found a basalt altar of Yredelemnul.
  8030 | D:7      | Noticed Menkaure
  8085 | D:7      | Gained mutation: You are partially covered in icy blue
                  | scales. (AC +2) [potion of mutation]
  8085 | D:7      | Gained mutation: You are frail. (-10% HP) [potion of
                  | mutation]
  8085 | D:7      | Gained mutation: You evolve. [potion of mutation]
  8173 | D:7      | Killed Menkaure
  8213 | D:7      | Reached **** piety under Dithmenos
  8222 | D:7      | HP: 1/35 [wyvern skeleton (10)]
  8244 | D:8      | Noticed a two-headed ogre
  8251 | D:8      | Killed a two-headed ogre
  8287 | D:8      | Found Jaremmot's Distillery.
  8293 | D:8      | Bought a potion of heal wounds for 60 gold pieces
  8293 | D:8      | Bought a potion of lignification for 36 gold pieces
  8451 | D:8      | Killed Pikel
  8451 | D:8      | Reached skill level 10 in Hexes
  8451 | D:8      | Reached XP level 10. HP: 26/39 MP: 19/23
  8535 | D:7      | Reached skill level 1 in Fighting
  9815 | D:8      | Found the +2 ratskin cloak {+Rats rPois rN+ Str-1 Int-1
                  | Dex+1}
  9850 | D:8      | Reached skill level 1 in Evocations
 10007 | D:8      | Reached ***** piety under Dithmenos
 10029 | D:8      | Noticed Psyche
 10042 | D:8      | Killed Psyche
 10042 | D:8      | Reached skill level 5 in Evocations
 10060 | D:8      | Learned a level 3 spell: Spectral Weapon
 10064 | D:8      | Learned a level 3 spell: Regeneration
 10356 | D:9      | Found a sacrificial altar of Ru.
 10379 | D:9      | Learned a level 3 spell: Conjure Flame
 10391 | D:9      | Found a staircase to the Orcish Mines.
 10709 | D:9      | Noticed a two-headed ogre
 10726 | D:9      | Killed a two-headed ogre
 11009 | Orc:1    | Entered Level 1 of the Orcish Mines
 11043 | D:9      | Reached skill level 1 in Invocations
 11374 | Orc:1    | Reached skill level 1 in Conjurations
 11398 | Orc:1    | Reached XP level 11. HP: 24/46 MP: 15/24
 11614 | Orc:2    | Entered Level 2 of the Orcish Mines
 11614 | Orc:2    | Noticed an orc knight
 11620 | Orc:2    | Killed an orc knight
 11620 | Orc:2    | Reached skill level 9 in Stealth
 11879 | Orc:2    | Gained mutation: You have large cloven feet. [evolution]
 12300 | Orc:2    | Noticed Azrael
 12328 | Orc:2    | Killed Azrael
 12328 | Orc:2    | Reached skill level 10 in Dodging
 12504 | Orc:2    | Reached skill level 10 in Stealth
 12518 | Orc:2    | Noticed an orc sorcerer
 12519 | Orc:2    | Paralysed by an orc sorcerer for 7 turns
 12618 | Orc:2    | Killed an orc sorcerer
 12672 | Orc:2    | Noticed an orc knight
 12690 | Orc:2    | Killed an orc knight
 12723 | Orc:2    | Noticed an orc sorcerer
 12739 | Orc:2    | Killed an orc sorcerer
 12741 | Orc:2    | Noticed an orc warlord
 13003 | Orc:2    | Killed an orc warlord
 13335 | Orc:2    | Noticed an orc high priest
 13341 | Orc:2    | Noticed an orc sorcerer
 13348 | Orc:2    | Reached skill level 11 in Stealth
 13355 | Orc:2    | Killed an orc sorcerer
 13355 | Orc:2    | Reached ****** piety under Dithmenos
 13361 | Orc:2    | Killed an orc high priest
 13361 | Orc:2    | Reached skill level 5 in Invocations
 13480 | Orc:2    | Noticed an orc knight
 13503 | Orc:2    | Killed an orc knight
 13545 | Orc:2    | Found a staircase to the Elven Halls.
 13549 | Orc:2    | Reached XP level 12. HP: 27/50 MP: 0/25
 13549 | Orc:2    | Noticed an orc high priest
 13552 | Orc:2    | Noticed an orc high priest
 14266 | Orc:2    | Killed an orc high priest
 14746 | Orc:1    | Gained mutation: You have a somewhat thin skeletal
                  | structure. (Dex +2, Stealth) [evolution]
 14798 | Orc:2    | Killed an orc high priest
 14798 | Orc:2    | Reached skill level 12 in Stealth
 15339 | Orc:2    | Found Idwynet's General Store.
 15340 | Orc:2    | Found Kovvell's Book Emporium.
 15341 | Orc:2    | Found Kuewnosi's Antique Armour Emporium.
 15341 | Orc:2    | Found Nuleih's Antique Weapon Shoppe.
 15345 | Orc:2    | Bought a glowing robe for 96 gold pieces
 15355 | Orc:2    | Bought a potion of magic for 136 gold pieces
 15356 | Orc:2    | Bought a book of Cantrips for 280 gold pieces
 15365 | Orc:2    | Bought a buckler for 117 gold pieces
 15491 | D:10     | Entered Level 10 of the Dungeon
 15538 | D:10     | Found an opulent altar of Gozag.
 15553 | D:10     | Noticed Nergalle
 15776 | D:10     | Reached skill level 1 in Shields
 15992 | D:10     | Noticed Grum
 16222 | D:10     | Killed Grum
 16277 | D:10     | Killed Nergalle
 16277 | D:10     | Reached skill level 13 in Stealth
 16647 | D:11     | Noticed Gastronok
 16666 | D:11     | Killed Gastronok
 16753 | D:11     | Noticed Erica
 16766 | D:11     | Killed Erica
 16773 | D:11     | Noticed Sonja
 16781 | D:11     | Killed Sonja
 16781 | D:11     | Reached skill level 14 in Stealth
 16821 | D:11     | Found a staircase to the Lair.
 16843 | D:11     | Reached XP level 13. HP: 40/54 MP: 21/26
 17027 | D:11     | Learned a level 1 spell: Confusing Touch
 17034 | D:11     | Learned a level 6 spell: Deflect Missiles
 17036 | D:11     | Learned a level 1 spell: Apportation
 17103 | D:11     | Got a twitching marble ring
 17106 | D:11     | Noticed Erolcha
 17114 | D:11     | Killed Erolcha
 17698 | Lair:1   | Entered Level 1 of the Lair of Beasts
 17737 | Lair:1   | Found an opulent altar of Gozag.
 17766 | Lair:1   | Reached skill level 15 in Stealth
 17845 | Lair:1   | Gained mutation: Your spells are a little harder to cast,
                  | but a little more powerful. [evolution]
 17891 | Lair:1   | Found a runed gate.
 17892 | Lair:1   | Found a runed gate.
 17896 | Lair:1   | Found a runed gate.
 17902 | Lair:1   | Noticed Jujoamir's ghost (novice MiFi)
 17919 | Lair:1   | Killed Jujoamir's ghost
 18025 | Lair:1   | Identified the ring of the Tuna {rF+ rN+ Str+3} (You found
                  | it on level 11 of the Dungeon)
 18233 | Lair:1   | Reached skill level 5 in Shields
 18829 | Lair:2   | Found a runed gate.
 18829 | Lair:2   | Found a runed gate.
 18829 | Lair:2   | Found a runed gate.
 18829 | Lair:2   | Noticed Nr616's ghost (journeyman TrMo)
 18835 | Lair:2   | Killed Nr616's ghost
 19039 | Lair:2   | Got a warped buckler
 19364 | Lair:3   | Reached skill level 16 in Stealth
 19848 | Lair:3   | Reached skill level 1 in Charms
 20160 | Lair:3   | Reached skill level 1 in Air Magic
 20410 | Lair:3   | Identified the +1 buckler of Vehumet {Regen+} (You found it
                  | on level 2 of the Lair of Beasts)
 20500 | Lair:4   | Found a white marble altar of Elyvilon.
 20521 | Lair:4   | Reached skill level 10 in Invocations
 20575 | Lair:4   | Found a staircase to the Snake Pit.
 20711 | Lair:4   | Found a dark tunnel.
 20721 | Volcano  | Entered a volcano
 20800 | Volcano  | Reached XP level 14. HP: 58/58 MP: 26/27
 20865 | Volcano  | Noticed a stone giant
 20884 | Volcano  | Killed a stone giant
 21053 | Lair:4   | Found a staircase to the Swamp.
 21839 | Lair:5   | Reached skill level 5 in Charms
 22484 | Lair:6   | Entered Level 6 of the Lair of Beasts
 22601 | Lair:6   | Reached skill level 5 in Fighting
 22727 | Lair:6   | Found a large runed door.
 22728 | Lair:6   | Found a large runed door.
 23199 | Lair:6   | Found a viscous altar of Jiyva.
 23200 | Lair:6   | Found a staircase to the Slime Pits.
 23732 | D:12     | Noticed Nessos
 23738 | D:12     | Killed Nessos
 24365 | D:12     | Noticed Fannar
 24377 | D:12     | Killed Fannar
 24578 | D:13     | Reached XP level 15. HP: 65/65 MP: 28/28
 24645 | D:13     | Reached skill level 5 in Air Magic
 24805 | D:13     | Noticed Josephine
 24893 | D:13     | Found a flagged portal.
 25095 | D:13     | Killed Josephine
 25114 | Bailey   | Entered a bailey
 25397 | Bailey   | Found a roughly hewn altar of Beogh.
 25406 | Bailey   | Got a heavily runed tin ring
 25517 | Bailey   | Identified the ring of Pride {+Fly Int+2 Dex+3} (You found
                  | it in a bailey)
 25665 | D:13     | Reached XP level 16. HP: 73/73 MP: 29/29
 25700 | D:13     | Found a gate to the Vaults.
 25846 | D:13     | Reached skill level 10 in Charms
 26073 | D:14     | Learned a level 3 spell: Mephitic Cloud
 27207 | D:15     | Entered Level 15 of the Dungeon
 27273 | D:15     | Found a staircase to the Depths.
 27366 | D:15     | Reached skill level 10 in Fighting
 27476 | D:15     | Found Kehaucuv's Antique Armour Boutique.
 27787 | D:15     | Found a frozen archway.
 27805 | IceCv    | Entered an ice cave
 28129 | IceCv    | Found an ancient bone altar of Kikubaaqudgha.
 29218 | Swamp:1  | Entered Level 1 of the Swamp
 29275 | Swamp:1  | Reached XP level 17. HP: 80/80 MP: 31/31
 29316 | Swamp:1  | Reached skill level 10 in Spellcasting
 29488 | Swamp:1  | Noticed Kirke
 29499 | Swamp:1  | Killed Kirke
 29679 | Swamp:1  | Gained mutation: You are mostly covered in icy blue scales.
                  | (AC +3) [evolution]
 29679 | Swamp:1  | Lost mutation: You evolve. [end of evolution]
 29811 | Swamp:2  | Noticed Frances
 29838 | Swamp:2  | Killed Frances
 29873 | Swamp:2  | Noticed Jorgrun
 29923 | Swamp:1  | Slain by a shambling mangrove

Vault maps used:
D:1:      elethiomel_arrival_infinity_welcomes_careful_drivers
D:2:      first_ration, minmay_pentomino_z2
D:3:      grunt_temple_overflow_open, chequers_ecumenical_altar_island,
          uniq_terence
D:4:      lemuel_doored_altar, temple_pool_b, hangedman_abyss_or_decor_stabs
D:5:      lemuel_coloured_pillars_altar, mrwooster_statue_mirror,
          minmay_strange_pillars, uniq_blork_the_orc
D:6:      overflow_temple_1_default, nicolae_dithmenos_through_a_glass_darkly,
          lemuel_zombie_altar_yredelemnul, minmay_ruffians, uniq_eustachio
D:7:      uniq_pikel, uniq_menkaure
D:8:      wander_guarded_unrand_ratskin, serial_glass, glass_columns_a,
          glass_columns_b, glass_columns_a, glass_columns_a, glass_columns_a,
          serial_shops, kennysheep_mini_moat, hangedman_pestilent_swarm,
          uniq_psyche
D:9:      nicolae_ru_sacrificial_ziggurat
D:10:     grunt_ministairs_4, lemuel_altar_in_water, uniq_nergalle, uniq_grum
D:11:     minmay_blocky_corners, due_lair_maze_entry_diamond, uniq_gastronok,
          uniq_erica, uniq_erolcha, uniq_sonja
D:12:     uniq_nessos, uniq_fannar
D:13:     lightli_vaults_fourway_checkpoint, enter_bailey_6, worms_lemuel,
          uniq_josephine
D:14:     kennysheep_cluttered_room, kennysheep_dice
D:15:     grunt_enter_depths_giant_problem, serial_shops, shop,
          portal_ice_cave_entry_pillars_1, minmay_door_square
Lair:1:   ebering_ghost_rock_garden, lemuel_oklob_altar, serial_bayou_shore_a
Lair:2:   ebering_ghost_rock_garden, beast_lair_carwin_8, grunt_megastairs_2
Lair:3:   serial_bayou_shore_b
Lair:4:   swamp_mist, minmay_snake_entry_guardpost_small, basic_altar,
          nicolae_volcano_entry_hallway, minmay_lair_oklob_bushes,
          minmay_lindwurm_lava, serial_bayou_shore_b, lemuel_fruit_tree
Lair:5:   grunt_megastairs_3
Lair:6:   cheibrodos_lair_end_hotspot, dpeg_slime_entry_enclosed_altar,
          serial_bayou_lagoon_a
Swamp:1:  evilmike_swamp_ruin_rubble_2, cheibrodos_swamp_kobolds,
          infiniplex_staircase_pool_2, uniq_kirke
Swamp:2:  hangedman_swamp_pad, uniq_jorgrun, uniq_frances
Orc:2:    st_orc_congregation, uniq_azrael
Bailey:   bailey_polearm_2, bailey
IceCv:    ice_cave_small_necro
Volcano:  volcano_pools

Skill      XL: |  1  2  3  4  5  6  7  8  9 10 11 12 13 14 15 16 17 |
---------------+----------------------------------------------------+-----
Stealth        | 5 6 7 8 11 14 16 | 16.0
Spellcasting   | 3 4 6 8 9 10 | 10.5
Hexes          | 4 10 12 13 | 13.3
Short Blades   | 2 3 4 7 8 |  8.0
Dodging        | 4 5 6 8 9 11 12 | 12.0
Fighting       | 3 5 8 10 | 10.0
Evocations     | 8 9 |  9.0
Invocations    | 1 5 8 10 11 12 | 12.0
Conjurations   | 1 3 4 |  4.0
Shields        | 3 6 7 |  7.2
Charms         | 2 7 9 10 | 10.0
Air Magic      | 1 4 5 |  5.0

Action                   |  1- 3 |  4- 6 |  7- 9 | 10-12 | 13-15 | 16-18 || total
-------------------------+-------+-------+-------+-------+-------+-------++-------
Melee: Dagger            |    50 |   149 |   214 |   748 |   717 |   359 ||  2237
       Kick              |       |       |       |   157 |   167 |    91 ||   415
 Cast: Corona            |     7 |       |       |       |       |       ||     7
       Ensorcelled Hiber |    21 |    70 |    57 |    71 |   124 |    70 ||   413
       Confuse           |       |     5 |    59 |   115 |   132 |    68 ||   379
       Dazzling Spray    |       |       |     1 |    23 |    70 |    30 ||   124
       Tukima's Dance    |       |       |       |     7 |     2 |       ||     9
       Confusing Touch   |       |       |       |       |     1 |     3 ||     4
       Deflect Missiles  |       |       |       |       |       |     1 ||     1
Invok: Shadow Step       |       |       |       |     1 |     1 |     1 ||     3
Evoke: Wand              |       |       |     2 |       |       |       ||     2
  Use: Scroll            |       |    12 |     3 |     7 |     7 |     4 ||    33
       Potion            |       |     2 |     1 |     4 |     6 |     1 ||    14
 Stab: Sleeping          |    16 |    46 |    30 |    97 |   182 |    98 ||   469
       Confused          |       |     3 |    35 |    85 |    90 |    50 ||   263
       Invisible         |       |       |     1 |    11 |    20 |     5 ||    37
       Distracted        |       |       |       |     1 |     1 |       ||     2
  Eat: Ration            |       |     5 |     4 |     5 |     5 |     3 ||    22
Armor: Robe              |     4 |     9 |    13 |    39 |    23 |     9 ||    97
       Skin              |       |       |       |       |    86 |       ||    86
Dodge: Dodged            |    54 |   131 |   218 |   537 |   690 |   170 ||  1800
       Deflected         |       |       |       |       |       |     1 ||     1
Block: Buckler           |       |       |       |    35 |   316 |   143 ||   494
       Reflection        |       |       |       |       |       |     4 ||     4

Table legend:
 A = Non-vault XP
 B = Vault XP
 C = Vault XP percentage of total XP
 D = Non-vault monster count
 E = Vault monster count
 F = Vault count percentage of total count
                 A         B        C        D         E       F
            +---------+---------+-------+---------+---------+-------
      Total |   99825 |   74613 |  42.8 |     590 |     331 |  35.9
            +---------+---------+-------+---------+---------+-------
        D:1 |      36 |       0 |   0.0 |      21 |       0 |   0.0
        D:2 |     217 |       2 |   0.9 |      24 |       2 |   7.7
        D:3 |     120 |      36 |  23.1 |      23 |       1 |   4.2
        D:4 |     217 |       0 |   0.0 |      10 |       0 |   0.0
        D:5 |     691 |     216 |  23.8 |      25 |       2 |   7.4
        D:6 |     831 |     793 |  48.8 |      21 |       6 |  22.2
        D:7 |    1614 |     172 |   9.6 |      28 |       1 |   3.4
        D:8 |    1617 |    1779 |  52.4 |      19 |      27 |  58.7
        D:9 |    1330 |     116 |   8.0 |      14 |       1 |   6.7
       D:10 |    3065 |    1670 |  35.3 |      31 |       7 |  18.4
       D:11 |    6439 |    6460 |  50.1 |      42 |      16 |  27.6
       D:12 |    4577 |    2317 |  33.6 |      32 |       2 |   5.9
       D:13 |   12907 |    8335 |  39.2 |      52 |      24 |  31.6
       D:14 |    7254 |    1076 |  12.9 |      26 |       4 |  13.3
       D:15 |   17815 |    1707 |   8.7 |      43 |       1 |   2.3
     Lair:1 |    4902 |    1407 |  22.3 |      25 |       2 |   7.4
     Lair:2 |    2779 |    3947 |  58.7 |      12 |      15 |  55.6
     Lair:3 |    4758 |       0 |   0.0 |      25 |       0 |   0.0
     Lair:4 |    3104 |    3704 |  54.4 |      14 |       9 |  39.1
     Lair:5 |    6021 |    2849 |  32.1 |      24 |       5 |  17.2
     Lair:6 |    6127 |    8691 |  58.7 |      18 |      30 |  62.5
    Swamp:1 |    8469 |    3482 |  29.1 |      20 |       6 |  23.1
    Swamp:2 |    2019 |    1697 |  45.7 |       5 |       1 |  16.7
      Orc:1 |    1693 |       0 |   0.0 |      22 |       0 |   0.0
      Orc:2 |    1223 |   13657 |  91.8 |      14 |      82 |  85.4
     Bailey |       0 |    1453 | 100.0 |       0 |      26 | 100.0
      IceCv |       0 |    6338 | 100.0 |       0 |      54 | 100.0
    Volcano |       0 |    2709 | 100.0 |       0 |       7 | 100.0
            +---------+---------+-------+---------+---------+-------
